 Dungeon Crawl Stone Soup version 0.31-a0-532-g28f74ba3e5 (webtiles) character file.

Game seed: 11077333385620360225

74 pokeman the Magician (level 4, 0/25 HPs)
             Began as a Deep Elf Hedge Wizard on Aug 12, 2023.
             Killed by miscasting Mephitic Cloud (7 damage)
             ... on level 3 of the Dungeon.
             The game lasted 00:03:07 (2620 turns).

pokeman the Magician (Deep Elf Hedge Wizard)        Turns: 2620, Time: 00:03:07

Health: 0/25       AC:  2    Str:  7    XL:     4   Next: 10%
Magic:  0/13       EV: 12    Int: 21    God:
Gold:   112        SH:  0    Dex: 14    Spells: 6/14 levels left

rFire   . . .        o - +4 dagger (speed)
rCold   . . .        (no shield)
rNeg    . . .        b - +0 robe
rPois   .            c - +0 hat
rElec   .            (no cloak)
rCorr   +            (no gloves)
SInv    .            (no boots)
Will    .....        (no amulet)
Stlth   ++           j - ring of resist corrosion
HPRegen 0.24/turn    (no ring)
MPRegen 0.13/turn

%: no passive effects
@: very slightly contaminated
A: no striking features
a: no special abilities


You were on level 3 of the Dungeon.
You visited 1 branch of the dungeon, and saw 3 of its levels.

You collected 112 gold pieces.

Inventory:

Hand Weapons
 o - a +4 dagger of speed (weapon)
Armour
 b - a +0 robe (worn)
 c - a +0 hat (worn)
Jewellery
 j - a ring of resist corrosion (left hand)
Wands
 m - a wand of roots (13)
Scrolls
 e - 3 scrolls of blinking {unknown}
 f - 4 scrolls of teleportation {unknown}
 g - a scroll of amnesia {unknown}
 h - a scroll of identify {unknown}
 i - a scroll of immolation {unknown}
 n - a scroll of fog {unknown}
Potions
 d - a potion of magic
 k - 2 potions of lignification {unknown}
 l - a potion of enlightenment {unknown}


   Skills:
 - Level 1.0 Fighting
 - Level 1.0 Armour
 + Level 2.6 Dodging
 + Level 2.6 Stealth
 * Level 5.5 Spellcasting
 + Level 2.1 Conjurations
 - Level 1.1 Summonings
 - Level 1.1 Translocations


You had 6 spell levels left.
You knew the following spells:

 Your Spells              Type           Power      Damage    Failure   Level
a - Magic Dart            Conj           56%        1d5       4%          1
b - Mephitic Cloud        Conj/Pois/Air  8%         N/A       22%         3
c - Call Imp              Summ           20%        N/A       10%         2
d - Blink                 Tloc           20%        N/A       10%         2

Your spell library contained the following spells:

 Spells                   Type           Power      Damage    Failure   Level
 Slow                     Hex            20%        N/A       11%         1
 Cigotuvi's Dreadful Rot  Necr/Pois/Air  10%        N/A       16%         2


Dungeon Overview and Level Annotations

Branches:
Dungeon (3/15)

Altars:
Makhleb


Message History

Casting: Magic Dart (safe; 4% risk of failure)
Confirm with . or Enter, or press ? or * to list all spells.
Aiming: Magic Dart (safe; 4% risk of failure)
Press: ? - help, Shift-Dir - straight line, f - jackal
Aim: a jackal (100% to hit)
The magic dart hits the jackal.
The jackal is severely wounded.
The jackal misses you.
Unknown command.
You hit the jackal.
You kill the jackal!
The orc priest mumbles some strange prayers to Beogh against you.
Beogh smites you!
Ouch! That really hurt!
The quokka closely misses you. The orc attacks as you move away!
The orc misses you. The quokka attacks as you move away! The quokka bites you.
You see here a hobgoblin skeleton.
The quokka attacks as you move away! The quokka bites you.
The quokka attacks as you move away!
The quokka bites you but does no damage.
The orc attacks as you move away! The orc hits you with a +0 hand axe.
* * * LOW HITPOINT WARNING * * *
The orc priest looks encouraged for a moment.
The quokka bites you.
* * * LOW HITPOINT WARNING * * *
Casting: Magic Dart (safe; 4% risk of failure)
Confirm with . or Enter, or press ? or * to list all spells.
A tiny devil pulls itself out of the air.
The quokka barely misses you.
Unknown command.
Casting: Call Imp (safe; 10% risk of failure)
Confirm with . or Enter, or press ? or * to list all spells.
Aiming: Mephitic Cloud (extremely dangerous; 22% risk of failure)
Press: ? - help, Shift-Dir - straight line, f - quokka
Aim: a quokka (ally target, chance to affect: 96%)
You miscast Mephitic Cloud.
You are very lightly contaminated with residual magic.
You feel a strange surge of energy!
You die...

#.......# #.#####.#
#.#...#.# #.#.#.#÷#
#.#..<#.# #.#.###.#
#.#.....#######
#>..........5.###########
##.........@ro...........
############..##########
.........## .....÷....#
.......÷#.# ........#..#
....÷..o##.# ......o.# +#
.......).


You could see an orc, a quokka (ally target) and a friendly cerulean imp
(summoned).

Vanquished Creatures
  An adder (D:2)
  A worm (D:2)
  2 dart slugs (D:1)
  An orc (D:3)
  A bat (D:3)
  5 endoplasms
  A giant cockroach (D:1)
  2 goblins
  4 hobgoblins
  9 jackals
  9 kobolds (D:2)
  2 quokkas
  8 ball pythons
  3 frilled lizards
  4 rats
53 creatures vanquished.

Notes
Turn   | Place    | Note
-------+----------+-------------------------------------------
     0 | D:1      | pokeman the Deep Elf Hedge Wizard began the quest for the
                  | Orb.
     0 | D:1      | Reached XP level 1. HP: 10/10 MP: 7/7
   359 | D:1      | Reached XP level 2. HP: 16/16 MP: 2/9
  1079 | D:2      | You fall into a shaft and drop 1 floor!
  1090 | D:3      | Reached skill level 5 in Spellcasting
  1226 | D:2      | Reached XP level 3. HP: 20/20 MP: 6/11
  1243 | D:2      | Learned a level 3 spell: Mephitic Cloud
  1246 | D:2      | Learned a level 2 spell: Call Imp
  1249 | D:2      | Learned a level 2 spell: Blink
  1388 | D:2      | Found a burning altar of Makhleb.
  1660 | D:2      | Reached skill level 1 in Armour
  1946 | D:2      | Reached skill level 1 in Fighting
  2169 | D:2      | Found a faded altar of an unknown god.
  2397 | D:2      | Reached XP level 4. HP: 25/25 MP: 3/13
  2620 | D:3      | Killed by miscasting Mephitic Cloud

Illustrated notes

Levels and vault maps discovered:
D:1:      scummos_arrival_forest, layout_basic, minmay_misc_feat_nine_boxes
D:2:      layout_basic, shapermc_ecumenical_altar_mp_urbaneastern, basic_altar,
          lexackson_kobold_supper
D:3:      cheibrodos_old_hovel, layout_basic,
          grunt_temple_overflow_champion_of_chaos

Skill      XL: |  1  2  3 |
---------------+----------+-----
Spellcasting   | 5 |  5.5
Armour         | 1 |  1.0
Fighting       | 1 |  1.0
Conjurations   | 2 |  2.1
Dodging        | |  2.6
Stealth        | |  2.6
Summonings     | |  1.1
Translocations | |  1.1

Action                     |  1- 3 |  4- 6 || total
---------------------------+-------+-------++-------
  Melee: Dagger            |    10 |     1 ||    11
   Cast: Magic Dart        |   123 |     9 ||   132
         Mephitic Cloud    |     1 |       ||     1
         Call Imp          |       |     1 ||     1
   Stab: Sleeping          |     1 |       ||     1
 Armour: Robe              |     6 |     1 ||     7
  Dodge: Dodged            |    23 |     7 ||    30

Table legend: (Time is in decaauts)
 A = Elapsed time spent in this place.
 B = Non-inter-level travel time spent in this place.
 C = Inter-level travel time spent in this place.
 D = Time resting spent in this place.
 E = Time spent auto-exploring this place.
 F = Levels seen in this place.
 G = Mean time per level.
                   A        B        C        D        E       F      G
               +--------+--------+--------+--------+--------+-----+--------+
         Total |   2617 |   2565 |     52 |      0 |   2299 |   3 |  872.3 |
       Dungeon |   2617 |   2565 |     52 |      0 |   2299 |   3 |  872.3 |
               +--------+--------+--------+--------+--------+-----+--------+

Top non-repeatable levels by time:
     D:2: 1395 daAuts
     D:1: 1030 daAuts
     D:3: 192 daAuts
